 Dungeon Crawl Stone Soup version 0.27-a0-860-gaf99fae3ca (webtiles) character file.

Game seed: 372183209190723799

158 siradein the Digger (level 5, 0/28 HPs)
             Began as a Gargoyle Earth Elementalist on Apr 2, 2021.
             Slain by Menkaure (11 damage)
             ... on level 4 of the Dungeon.
             The game lasted 00:13:27 (2752 turns).

siradein the Digger (Gargoyle Earth Elementalist)   Turns: 2752, Time: 00:13:28

Health: 0/28       AC:  7    Str: 11    XL:     5   Next: 39%
Magic:  8/8        EV: 11    Int: 17    God:
Gold:   85         SH:  0    Dex: 10    Spells: 7/8 levels left

rFire    + . .     SeeInvis .   l - +4 great sword
rCold    . . .     Faith    .   (shield currently unavailable)
rNeg     + . .     Spirit   .   a - +0 leather armour {rF+}
rPois    ∞         Reflect  .   (no helmet)
rElec    +         Harm     .   (no cloak)
rCorr    .         Rampage  .   (no gloves)
Will     .....                  (no boots)
Stlth    ++........             (no amulet)
HPRegen  0.09/turn              (no ring)
MPRegen  0.11/turn              (no ring)

@: no status effects
A: AC +4, negative energy resistance 1, electricity resistance, torment
resistance 1, unbreathing 1, petrification resistance
a: no special abilities


You were on level 4 of the Dungeon.
You visited 1 branch of the dungeon, and saw 4 of its levels.

You collected 85 gold pieces.

Inventory:

Hand Weapons
 i - a +1 war axe of electrocution
 l - a +4 great sword (weapon)
Missiles
 b - 15 stones
Armour
 a - a +0 leather armour of fire resistance (worn)
Scrolls
 c - a scroll of magic mapping {unknown}
 d - a scroll of summoning {unknown}
 j - a scroll of silence {unknown}
 k - a scroll of teleportation {unknown}
Potions
 e - a potion of flight {unknown}
 f - a potion of lignification {unknown}
 g - a potion of brilliance {unknown}
 h - a potion of curing {unknown}


   Skills:
 - Level 1.5 Dodging
 - Level 2.1 Stealth
 - Level 2.0 Spellcasting
 - Level 0.7 Transmutations
 + Level 7.1 Earth Magic


You had 7 spell levels left.
You knew the following spells:

 Your Spells              Type           Power      Damage    Failure   Level
a - Sandblast             Erth           52%        2d12      1%          1

Your spell library contained the following spells:

 Spells                   Type           Power      Damage    Failure   Level
 Passwall                 Tmut/Erth      12%        N/A       8%          2
 Stone Arrow              Conj/Erth      26%        3d8       17%         3
 Magic Dart               Conj           4%         1d3       26%         1
 Blink                    Tloc           N/A        N/A       36%         2
 Call Imp                 Summ           1%         N/A       36%         2
 Slow                     Hex            1%         N/A       36%         2
 Lee's Rapid Deconstruct  Erth           13%        3d10*     36%         5
 Petrify                  Tmut/Erth      15%        N/A       45%         4
 Conjure Flame            Conj/Fire      1%         6-21      58%         3
 Mephitic Cloud           Conj/Pois/Air  1%         N/A       58%         3


Dungeon Overview and Level Annotations

Branches:
Dungeon (4/15)
 Temple: D:4-7

Altars:
Okawaru
Uskayaw

Annotations:
D:2 3 exclusions
D:4 Menkaure


Innate Abilities, Weirdness & Mutations

Your stone body is resilient. (AC +4)
You are immune to poison.
You resist negative energy. (rN+)
You are resistant to electric shocks. (rElec)
You are resistant to unholy torment.
You can survive without breathing.
You are immune to petrification.


Message History

You hit the hound skeleton.
You destroy the hound skeleton!
Your Earth Magic skill increases to level 7!
You slash the jackal!
You kill the jackal!
Found an escape hatch in the floor.
You now have 80 gold pieces (gained 10).
A dart slug comes into view.
A dart slug is nearby!
You hit the dart slug.
The dart slug is heavily wounded.
The dart slug closely misses you.
You riposte.
You hit the dart slug.
You kill the dart slug!
You see here a dart slug corpse.
You open the door.
Found an iron altar of Okawaru.
There is an open door here.
You now have 85 gold pieces (gained 5).
There is an open door here.
There is a stone staircase leading up here.
You open the door.
Found a hide-covered altar of Uskayaw.
There is an open door here.
There is an open door here.
Menkaure shouts!
Menkaure is nearby!
Menkaure hits you!
You slash Menkaure!
Menkaure is moderately damaged.
Menkaure closely misses you.
Menkaure points at you and mumbles some strange words.
Pain shoots through your body!
You hit Menkaure.
Menkaure is heavily damaged.
A giant cockroach comes into view.
Menkaure closely misses you.
You slash Menkaure!
Menkaure is severely damaged.
Menkaure hits you!
You die...

##### #........
#_..#♣# ##...<...
#..##.# #.......
#.#'..# #.......
###..## #.......
♣#♣...### #....÷..
#.......#####.......
##.####....#..#.....
#.@# ####........##
##M# ###.#....##
#B.#######...#...#
##.........####...
..........# ##..
#### #.### #..
##..#### ##.
####......####.
......####....#.


You could see Menkaure and a giant cockroach.

Vanquished Creatures
  An orc wizard (D:3)
  A hound skeleton (D:4)
  5 adders
  2 adder skeletons (D:4)
  3 worms (D:3)
  4 dart slugs
  3 orcs
  5 bats
  6 endoplasms (D:1)
  2 giant cockroaches
  3 goblins
  3 hobgoblins (D:1)
  4 jackals (D:4)
  A quokka (D:4)
  3 ball pythons
  2 kobolds
  2 rats (D:1)
50 creatures vanquished.

Notes
Turn   | Place    | Note
-------+----------+-------------------------------------------
     0 | D:1      | siradein the Gargoyle Earth Elementalist began the quest
                  | for the Orb.
     0 | D:1      | Reached XP level 1. HP: 10/10 MP: 3/3
    12 | D:1      | Reached skill level 4 in Earth Magic
   107 | D:1      | Reached XP level 2. HP: 13/15 MP: 0/5
   949 | D:1      | Reached skill level 5 in Earth Magic
   949 | D:1      | Reached XP level 3. HP: 19/19 MP: 3/6
  1058 | D:2      | Found a faded altar of an unknown god.
  1156 | D:2      | Noticed an ogre
  1482 | D:2      | Reached XP level 4. HP: 17/24 MP: 0/7
  1619 | D:3      | Reached skill level 6 in Earth Magic
  2231 | D:3      | You fall into a shaft and drop 1 floor!
  2243 | D:4      | Reached XP level 5. HP: 23/28 MP: 8/8
  2315 | D:4      | Noticed Menkaure
  2598 | D:4      | Reached skill level 7 in Earth Magic
  2695 | D:4      | Found an iron altar of Okawaru.
  2741 | D:4      | Found a hide-covered altar of Uskayaw.
  2752 | D:4      | Slain by Menkaure

Illustrated notes

Levels and vault maps discovered:
D:1:      onia_arrival_pyramid, layout_basic, lemuel_old_faithful
D:2:      layout_loops_cross, ebering_ecumenical_altar_mist, minmay_distorted
D:3:      layout_loops_ring
D:4:      layout_rooms, nicolae_overflow_quartered_altars, uniq_menkaure

Skill      XL: |  1  2  3  4  5 |
---------------+----------------+-----
Earth Magic    | 4 5 6 7 |  7.1
Dodging        | |  1.5
Stealth        | |  2.1
Spellcasting   | |  2.0
Transmutations | |  0.7

Action                   |  1- 3 |  4- 6 || total
-------------------------+-------+-------++-------
Melee: War axe           |       |    62 ||    62
       Great sword       |       |    13 ||    13
 Cast: Sandblast         |    45 |     8 ||    53
 Stab: Sleeping          |       |     1 ||     1
Armor: Leather armour    |     7 |    43 ||    50
Dodge: Dodged            |     5 |    75 ||    80
       Rpst.: Great sword |       |     9 ||     9

Table legend: (Time is in decaauts)
 A = Elapsed time spent in this place.
 B = Non-inter-level travel time spent in this place.
 C = Inter-level travel time spent in this place.
 D = Time resting spent in this place.
 E = Time spent auto-exploring this place.
 F = Levels seen in this place.
 G = Mean time per level.
                   A        B        C        D        E       F      G
               +--------+--------+--------+--------+--------+-----+--------+
         Total |   2792 |   2717 |     75 |    473 |   1755 |   4 |  698.0 |
       Dungeon |   2792 |   2717 |     75 |    473 |   1755 |   4 |  698.0 |
               +--------+--------+--------+--------+--------+-----+--------+

Top non-repeatable levels by time:
     D:1: 1020 daAuts
     D:3: 748 daAuts
     D:4: 543 daAuts
     D:2: 480 daAuts
